 Dungeon Crawl Stone Soup version 0.28-a0-796-gd4f0d3f9b2 (webtiles) character file.

Game seed: 16787459926339837088

4 Malachi the Changer (level 1, -2/17 HPs)
             Began as a Gnoll Wanderer on Oct 31, 2021.
             Slain by a quokka (3 damage)
             ... on level 1 of the Dungeon on Nov 6, 2021.
             The game lasted 00:01:06 (431 turns).

Malachi the Changer (Gnoll Wanderer)                 Turns: 431, Time: 00:01:07

Health: -2/17      AC:  2    Str: 12    XL:     1   Next: 70%
Magic:  6/6        EV:  9    Int:  9    God:
Gold:   0          SH:  9    Dex: 12    Spells: 9/9 levels left

rFire   . . .      SeeInvis .   a - +0 hand axe
rCold   . . .      Faith    .   b - +0 kite shield
rNeg    . . .      Spirit   .   c - +0 robe
rPois   .          Reflect  .   (no helmet)
rElec   .          Harm     .   (no cloak)
rCorr   .          Rampage  .   (no gloves)
Will    .....                   (no boots)
Stlth   +.........              (no amulet)
HPRegen 0.05/turn               (no ring)
MPRegen 0.10/turn               (no ring)

@: no status effects
A: fangs 1, strong nose, distributed training
a: no special abilities


You were on level 1 of the Dungeon.
You visited 1 branch of the dungeon, and saw 1 of its levels.

Inventory:

Hand Weapons
 a - a +0 hand axe (weapon)
Missiles
 g - 16 arrows
 h - 19 sling bullets
Armour
 b - a +0 kite shield (worn)
 c - a +0 robe (worn)
Scrolls
 d - a scroll of brand weapon {unknown}
 e - a scroll of fear {unknown}
Potions
 f - a potion of degeneration {unknown}


   Skills:
 + Level 2.4 Fighting
 + Level 0.1 Short Blades
 + Level 0.1 Long Blades
 + Level 4.4 Axes
 + Level 0.1 Maces & Flails
 + Level 0.1 Polearms
 + Level 0.1 Staves
 + Level 0.1 Slings
 + Level 0.1 Bows
 + Level 0.1 Crossbows
 + Level 0.1 Throwing
 + Level 0.1 Armour
 + Level 0.1 Dodging
 + Level 0.1 Stealth
 + Level 4.4 Shields
 + Level 0.1 Unarmed Combat
 + Level 4.9 Spellcasting
 + Level 0.1 Conjurations
 + Level 0.1 Hexes
 + Level 0.1 Summonings
 + Level 0.1 Necromancy
 + Level 0.1 Translocations
 + Level 5.3 Transmutations
 + Level 0.1 Fire Magic
 + Level 0.1 Ice Magic
 + Level 0.1 Air Magic
 + Level 0.1 Earth Magic
 + Level 0.1 Poison Magic
 + Level 0.2 Invocations
 + Level 0.1 Evocations


You had 9 spell levels left.
You didn't know any spells.
Your spell library contained the following spells:

 Spells                   Type           Power      Damage    Failure   Level
 Wereblood                Tmut           11%        N/A       17%         2
 Passwall                 Tmut/Erth      5%         N/A       43%         2


Dungeon Overview and Level Annotations

Branches:
Dungeon (1/15)

Altars:

Shops:
D:1 :


Innate Abilities, Weirdness & Mutations

You have very sharp teeth.
Your uncanny sense of smell can sniff out nearby items.
Your experience applies equally to all skills.


Message History

A kobold comes into view. It is wielding a +0 short sword.
Found a scroll labelled CEONICUTUO.
A kobold is nearby!
A kobold is nearby!
Welcome back, Malachi the Gnoll Wanderer.
Press ? for a list of commands and other information.
The kobold shouts!
A quokka comes into view.
A hobgoblin comes into view.
The hobgoblin shouts!
You closely miss the kobold. The kobold closely misses you.
A rat comes into view.
The kobold hits you with a +0 short sword.
You closely miss the kobold. The quokka bites you.
The kobold hits you with a +0 short sword.
You are too injured to fight recklessly!
You are too injured to fight recklessly!
You are too injured to fight recklessly!
Unknown command.
You are too injured to fight recklessly!
You are too injured to fight recklessly!
You hit the kobold. You bite the kobold.
The kobold is severely wounded.
You closely miss the quokka. You block the quokka's attack.
You block the kobold's attack. You block the quokka's attack.
You hit the kobold but do no damage.
The kobold is severely wounded.
You hit the quokka. You block the kobold's attack.
The quokka closely misses you. The kobold closely misses you.
You hit the kobold.
You kill the kobold!
You hit the quokka. The quokka bites you. x2
* * * LOW HITPOINT WARNING * * *
You hit the rat but do no damage. You miss the quokka.
The rat barely misses you. The quokka barely misses you.
You block the rat's attack.
You hit the rat but do no damage. You hit the quokka. The quokka bites you.
* * * LOW HITPOINT WARNING * * *
You block the rat's attack. The quokka bites you.
You die...

..#. ..# ..#. #.# ..... #.#
.... #.# #... #.# ..#...##.##
..# ......r...# ..# #?.gr@..#
... ###.###.# #.# ∆.. #.# #.#
## #.# #.# ##+# #.# ####.##
#.##...## #.###### #......
#.#.....## #......# #.###).
#........## ##.###.# #.###..
###.........####...##.###.#....


You could see a quokka, a hobgoblin and a rat.

Vanquished Creatures
  An endoplasm (D:1)
  A giant cockroach (D:1)
  A kobold (D:1)
  A ball python (D:1)
4 creatures vanquished.

Notes
Turn   | Place    | Note
-------+----------+-------------------------------------------
     0 | D:1      | Malachi the Gnoll Wanderer began the quest for the Orb.
     0 | D:1      | Malachi set off with the following items: a +0 hand axe, a
                  | +0 kite shield, a +0 robe; and the following spells
                  | available to memorise: Wereblood, Passwall
     0 | D:1      | Reached XP level 1. HP: 17/17 MP: 6/6
   237 | D:1      | Found Jaezyitu's Book Shoppe.
   423 | D:1      | Upgraded the game from 0.28-a0-768-g8c92f1e708 to
                  | 0.28-a0-796-gd4f0d3f9b2
   431 | D:1      | Slain by a quokka

Illustrated notes

Levels and vault maps discovered:
D:1:      elethiomel_arrival_shortcut, layout_loops_corners, serial_shops,
          nicolae_shop_temple_entry_statues_fountains, nicolae_shop_waterfront

Action                   || total
-------------------------++-------
Melee: Hand axe          ||    20
       Bite              ||     2
Armor: Robe              ||     4
Dodge: Dodged            ||     9
Block: Kite shield       ||    16

Table legend: (Time is in decaauts)
 A = Elapsed time spent in this place.
 B = Non-inter-level travel time spent in this place.
 C = Inter-level travel time spent in this place.
 D = Time resting spent in this place.
 E = Time spent auto-exploring this place.
 F = Levels seen in this place.
 G = Mean time per level.
                   A        B        C        D        E       F      G
               +--------+--------+--------+--------+--------+-----+--------+
         Total |    436 |    432 |      4 |     84 |    286 |   1 |  436.0 |
       Dungeon |    436 |    432 |      4 |     84 |    286 |   1 |  436.0 |
               +--------+--------+--------+--------+--------+-----+--------+

Top non-repeatable levels by time:
     D:1: 436 daAuts
